[Event "Early-Titled-Tuesday-Blitz-April-23-2024"]
[Site "Chess.com"]
[Date "2024.04.23"]
[Round "11"]
[White "Ati1517"]
[Black "Schattman"]
[Result "0-1"]
[WhiteElo "2263"]
[BlackElo "2452"]
[TimeControl "180+1"]
[EndTime "10:09:30 PDT"]
[Termination "Schattman won by resignation"]

1. e4 e5 2. Nf3 Nc6 3. d4 exd4 4.
Bc4 Bc5 5. c3 Nf6 6. e5 Ne4 7.
cxd4 Bb4+ 8. Bd2 Nxd2 9. Nbxd2 d5 10. Bd3 O-O 11. O-O Be7 12. a3 f6 13. Re1 fxe5 14.
dxe5 Be6 15. Qc2 h6 16. Qc3 Qd7 17. b4 a6 18. Nd4 Nxd4 19. Qxd4 b6 20. Nb3 Rfc8 21.
Rac1 a5 22. b5 Bxa3 23. f4 Rf8 24. g3 a4 25. Nd2 Bc5 26. Rxc5 bxc5 27. Qxc5 a3 28.
Ra1 a2 29. Qc2 Qe7 30. Rxa2 Rxa2 31. Qxa2 Qc5+ 32. Kg2 Qe3 33. Bf1 Kh8 34. Nf3 Qe4 35. Qd2 Bg4 36. Be2 d4 37. Qxd4 Bxf3+ 0-1

[Event "Early-Titled-Tuesday-Blitz-April-23-2024"]
[Site "Chess.com"]
[Date "2024.04.23"]
[Round "11"]
[White "jinxy2009"]
[Black "TacticalSam94"]
[Result "0-1"]
[WhiteElo "2296"]
[BlackElo "2220"]
[TimeControl "180+1"]
[EndTime "10:09:32 PDT"]
[Termination "TacticalSam94 won by resignation"]

1. e4 c5 2. Nf3 d6 3. d4 cxd4 4. Nxd4 Nf6 5. Nc3 a6 6. Be3 e6 7. a3 b5 8. g4 Bb7 9. f3 Nc6 10. g5 Nd7 11. Qd2 Nb6 12. h4 Ne5 13. O-O-O Nbc4 14. Bxc4 Nxc4 15. Qf2 Rc8 16. h5 Qa5 17. Nb3 Qc7 18.
g6 Be7 19. gxf7+ Kxf7 20. Rhg1 Kf6 21. Bd4+ e5 22. Qg3 Rhg8 23. Qg5+ Kf7 24. Qf5+ Bf6 25. f4 exd4 26. e5 dxc3 27. exf6 cxb2+ 28. Kb1 Nxa3+ 29. Kxb2 Qxc2+ 30. Qxc2 Nxc2 31. Rxd6 Rc7 32. Na5 Be4 33. Re1 Re8 34. fxg7 Kxg7 35. Rxa6 Nb4 36. Rb6 Nd3+ 37.
Kb3 Nxe1 38. Rxb5 Kh6 39. Rg5 0-1

[Event "Early-Titled-Tuesday-Blitz-April-23-2024"]
[Site "Chess.com"]
[Date "2024.04.23"]
[Round "11"]
[White "Zavgorodniy_Sergiy"]
[Black "Manukyan_Artak"]
[Result "0-1"]
[WhiteElo "2580"]
[BlackElo "2488"]
[TimeControl "180+1"]
[EndTime "10:09:36 PDT"]
[Termination "Manukyan_Artak won by resignation"]

1. d4 d5 2. Nc3 c6 3. Bf4 Bf5 4. e3 Nf6 5. Nf3 e6 6. h3 Bb4 7. Bd3 Ne4 8. Bxe4 Bxe4 9. O-O Bxc3 10. bxc3 O-O 11. Nd2 Bg6 12. c4 Nd7 13. Bd6 Re8 14.
c5 b5 15. Nf3 a5 16. c3 a4 17. a3 Bh5 18. g4 Bg6 19. Ne5 Nxe5 20. dxe5 f5 21.
Kg2 fxg4 22. hxg4 Qg5 23. Kg3 h5 24. f4 Qxg4+ 25. Qxg4 hxg4 26. Kxg4 Kf7 27. Rh1 Rh8 28. Rxh8 Rxh8 29. Kg3 Bf5 30. Rg1 Rh3+ 31. Kf2 Be4 32. Bc7 Rh2+ 0-1

[Event "Early-Titled-Tuesday-Blitz-April-23-2024"]
[Site "Chess.com"]
[Date "2024.04.23"]
[Round "11"]
[White "wild3000"]
[Black "GambitGiesbergen"]
[Result "0-1"]
[WhiteElo "2454"]
[BlackElo "2344"]
[TimeControl "180+1"]
[EndTime "10:09:38 PDT"]
[Termination "GambitGiesbergen won by resignation"]

1. a3 e5 2. b4 d5 3. Bb2 Bd6 4. e3 Nf6 5. Nf3 Qe7 6. c4 c6 7.
Nc3 O-O 8. Be2 Bg4 9. h3 Bxf3 10. Bxf3 d4 11. Ne4 Nxe4 12. Bxe4 f5 13. Bf3 e4 14.
Bh5 g6 15. Bxd4 gxh5 16. Qxh5 Be5 17. Bxe5 Qxe5 18. O-O Nd7 19. f4 Qg7 20. Kh1 Rf6 21. Rg1 Kh8 22. g4 Qh6 23. Qxh6 Rxh6 24. gxf5 Rxh3+ 25. Kg2 Rf3 26. Kh2 Nf6 27. Rg2 h5 28. Rg3 Ng4+ 29. Kh3 Rf2 30. Rh1 Kg7 31. Kh4 Kf6 32.
d3 Kxf5 33. dxe4+ Kxe4 34. Rd1 Rg8 35. Rd4+ Kf5 36. Rd3 Rh2+ 37. Rh3 Rxh3+ 38. Kxh3 Nf2+ 0-1

[Event "Early-Titled-Tuesday-Blitz-April-23-2024"]
[Site "Chess.com"]
[Date "2024.04.23"]
[Round "11"]
[White "LaPiToB"]
[Black "Likvidator228"]
[Result "0-1"]
[WhiteElo "2327"]
[BlackElo "2519"]
[TimeControl "180+1"]
[EndTime "10:09:39 PDT"]
[Termination "Likvidator228 won by resignation"]

1. c4 c6 2. d4 d5 3. cxd5 cxd5 4. Bf4 Nc6 5. Nc3 a6 6. e3 Nf6 7. Be2 Bf5 8. g4 Bc8 9. h4 e6 10. g5 Ne4 11. Nxe4 dxe4 12. Qc2 Qa5+ 13. Kf1 Qf5 14. Rh2 Bd7 15. Rg2 Nb4 16. Qb3 Bc6 17. Rd1 Rc8 18.
a3 Nd3 19. Bg4 Qd5 20. Qxd5 Bxd5 21. Ne2 Nxb2 22. Rb1 Bxa3 23. h5 b5 24. Be5 Rg8 25. Nf4 Bc4+ 26. Kg1 Nd3 27. Nxd3 exd3 28. g6 hxg6 29.
hxg6 f6 30. Bf4 d2 31. Rd1 Bc1 32. e4 Bb3 0-1

[Event "Early-Titled-Tuesday-Blitz-April-23-2024"]
[Site "Chess.com"]
[Date "2024.04.23"]
[Round "11"]
[White "ricaurtelopezj1955"]
[Black "VirtualCoach"]
[Result "0-1"]
[WhiteElo "2156"]
[BlackElo "2016"]
[TimeControl "180+1"]
[EndTime "10:09:39 PDT"]
[Termination "VirtualCoach won by resignation"]

1. d4 Nf6 2. e3 d5 3. Bd3 c5 4. c3 Nc6 5. f4 g6 6. Nf3 Bg7 7. Nbd2 O-O 8. O-O b6 9. Qe2 Bb7 10. Ne5 e6 11. g4 Nd7 12. Ndf3 Ndxe5 13. fxe5 f6 14. exf6 Rxf6 15. Bd2 Qc7 16. Be1 Raf8 17. Bh4 R6f7 18. Ng5 Rxf1+ 19. Rxf1 Rxf1+ 20. Qxf1 e5 21. Ne6 Qf7 22. Nxg7 Qxf1+ 23. Kxf1 Kxg7 24. Bf2 Bc8 25. g5 Bh3+ 26. Ke2 Bg4+ 27. Kd2 Bf5 28. Bb5 Nd8 29. dxe5 Nf7 30. Bc6 Be6 31. h4 Nxe5 32. b3 Nxc6 0-1

[Event "Early-Titled-Tuesday-Blitz-April-23-2024"]
[Site "Chess.com"]
[Date "2024.04.23"]
[Round "11"]
[White "Fernando_Offermann"]
[Black "zurzan"]
[Result "1-0"]
[WhiteElo "2479"]
[BlackElo "2150"]
[TimeControl "180+1"]
[EndTime "10:09:44 PDT"]
[Termination "Fernando_Offermann won on time"]

1. Nf3 g6 2. c4 Bg7 3. d4 Nf6 4. Nc3 d6 5. e4 O-O 6. Be2 c5 7. d5 e6 8. O-O exd5 9. exd5 a6 10. h3 Bf5 11. g4 Bd7 12. Bf4 Qc7 13. a4 Re8 14.
Bd3 h5 15. g5 Nh7 16. Kg2 Qc8 17. Rh1 Qd8 18. Qd2 Bf5 19. Bxf5 gxf5 20. h4 Nd7 21.
Bxd6 Nhf8 22. Bf4 Ng6 23. Rae1 Nxf4+ 24. Qxf4 Nf8 25. Qxf5 Qc7 26. Ne4 Ng6 27. d6 Qc6 28.
Re2 Ne5 29. Rhe1 Nxf3 30. Qxf3 Re5 31. Qxh5 Rae8 32. Qf3 f5 33. gxf6 Bxf6 34. Nxf6+ Kh8 35. Qxc6 1-0

[Event "Early-Titled-Tuesday-Blitz-April-23-2024"]
[Site "Chess.com"]
[Date "2024.04.23"]
[Round "11"]
[White "ravengelic"]
[Black "Iball95"]
[Result "0-1"]
[WhiteElo "2692"]
[BlackElo "2865"]
[TimeControl "180+1"]
[EndTime "10:09:45 PDT"]
[Termination "Iball95 won by resignation"]

1. d4 d5 2. Bf4 Nf6 3. e3 Bf5 4. Nf3 e6 5. Nbd2 Bd6 6. Bg3 O-O 7. Bd3 Re8 8. O-O c5 9. Bxf5 exf5 10. dxc5 Bxc5 11.
c4 dxc4 12. Nxc4 Qe7 13. Bd6 Bxd6 14. Qxd6 Nc6 15. Qxe7 Rxe7 16. Rfd1 g6 17. Nd4 Rc8 18. Nd6 Rcc7 19. N6b5 Rc8 20. Nxc6 Rxc6 21. Nxa7 Rc2 22. b4 Ne4 23. Rf1 Rd7 24. Nb5 Rdd2 25. Nd4 Rxa2 26. Rxa2 Rxa2 27. b5 Rb2 28. h4 Nc3 29.
Rc1 Nxb5 30. Rc8+ Kg7 31. Nxb5 Rxb5 32. Rc7 h5 33. g3 Kf6 34. Kg2 Ke6 35. Kf3 Rb2 36.
Kg2 b5 37. Kf3 b4 38. Rb7 b3 39. Rb6+ Kd5 40. Rf6 Rc2 41. Rxf7 b2 42. Rb7 Kc4 43. e4 fxe4+ 44. Kxe4 Rxf2 45. Ke3 Rc2 46. Kf4 Kc3 47. Kg5 Rg2 48. Kxg6 Rxg3+ 49. Kxh5 Kc2 50. Rxb2+ Kxb2 51. Kh6 Kc3 52. h5 Kd4 53. Kh7 Ke5 54. h6 Kf6 55. Kh8 Kg6 56. h7 Ra3 0-1

[Event "Early-Titled-Tuesday-Blitz-April-23-2024"]
[Site "Chess.com"]
[Date "2024.04.23"]
[Round "11"]
[White "Javadovvv"]
[Black "MFatigue"]
[Result "0-1"]
[WhiteElo "2642"]
[BlackElo "2570"]
[TimeControl "180+1"]
[EndTime "10:09:45 PDT"]
[Termination "MFatigue won by resignation"]

1. d4 d5 2. Nf3 Nf6 3. Bf4 e6 4.
e3 c5 5. c3 Bd6 6. Bg3 O-O 7.
Nbd2 Qc7 8. Bd3 Nbd7 9. O-O e5 10. dxe5 Nxe5 11. Be2 Bf5 12. Nxe5 Bxe5 13. Nf3 Bxg3 14.
hxg3 Rad8 15. Bd3 Bg4 16. Be2 Bf5 17. Qb3 b6 18. Rad1 h6 19. c4 Be6 20. cxd5 Bxd5 21.
Bc4 Bxc4 22. Qxc4 Rxd1 23. Rxd1 Rd8 24. Rd3 Rxd3 25. Qxd3 Qd7 26. Qxd7 Nxd7 27. Kf1 Kf8 28. Ke2 Ke7 29. Kd3 Kd6 30. Nd2 f5 31. e4 fxe4+ 32.
Nxe4+ Kd5 33. Nc3+ Kc6 34. Ke4 b5 35. Kf5 Nf8 36. g4 a5 37. f4 c4 38. g5 hxg5 39.
Kxg5 b4 40. Ne2 Kd5 41. Kf5 a4 42. a3 c3 43. bxc3 b3 0-1

[Event "Early-Titled-Tuesday-Blitz-April-23-2024"]
[Site "Chess.com"]
[Date "2024.04.23"]
[Round "11"]
[White "snowlord"]
[Black "Witik"]
[Result "1-0"]
[WhiteElo "2921"]
[BlackElo "2771"]
[TimeControl "180+1"]
[EndTime "10:09:46 PDT"]
[Termination "snowlord won by resignation"]

1. Nf3 Nf6 2. c4 c6 3. g3 d5 4.
Bg2 g6 5. b3 Bg7 6. Bb2 O-O 7.
O-O Re8 8. d4 Ne4 9. e3 a5 10.
Nfd2 Nf6 11. Nc3 Na6 12. a3 Nc7 13. Rc1 h5 14. h3 Bf5 15. Na4 Ne6 16. Nf3 Ne4 17.
Nh4 Nf6 18. Nxf5 gxf5 19. Qf3 Nf8 20. Qxf5 e6 21. Qd3 Ng6 22. Rfd1 Qe7 23. Nb6 Rad8 24. Qd2 e5 25. cxd5 cxd5 26. Qxa5 Qe6 27. dxe5 Nxe5 28. Nxd5 Nxd5 29. Rxd5 Nd3 30. Rxd8 Bxb2 31. Rxe8+ Qxe8 32. Rd1 1-0

[Event "Early-Titled-Tuesday-Blitz-April-23-2024"]
[Site "Chess.com"]
[Date "2024.04.23"]
[Round "11"]
[White "Alexei_Gubajdullin"]
[Black "GrotBchess"]
[Result "1-0"]
[WhiteElo "2600"]
[BlackElo "2446"]
[TimeControl "180+1"]
[EndTime "10:09:47 PDT"]
[Termination "Alexei_Gubajdullin won by checkmate"]

1. Nf3 Nf6 2. g3 e6 3. Bg2 d5 4.
O-O Be7 5. b3 O-O 6. Bb2 c5 7. e3 Nc6 8. c4 d4 9. exd4 cxd4 10. Re1 a5 11. a3 Re8 12. Ne5 Nxe5 13. Rxe5 Bd6 14. Rb5 e5 15. d3 Qc7 16. Nd2 Bd7 17. Rc1 Bc6 18. a4 Bxg2 19. Kxg2 Bb4 20.
Nf1 Qc6+ 21. Qf3 e4 22. dxe4 Rxe4 23. Rd1 Rd8 24. Ne3 g5 25. Nd5 Nxd5 26. cxd5 Qg6 27. Rxd4 Rxd4 28. Bxd4 Bf8 29. Rxb7 g4 30. Qf6 Qe4+ 31.
f3 gxf3+ 32. Qxf3 Qc2+ 33. Kh3 Qg6 34. g4 h6 35. Qf6 Qd3+ 36. Kh4 Be7 37. Rxe7 Rxd5 38.
Qh8# 1-0

[Event "Early-Titled-Tuesday-Blitz-April-23-2024"]
[Site "Chess.com"]
[Date "2024.04.23"]
[Round "11"]
[White "RamonManon0g"]
[Black "Let_it_be_1"]
[Result "0-1"]
[WhiteElo "2456"]
[BlackElo "2613"]
[TimeControl "180+1"]
[EndTime "10:09:50 PDT"]
[Termination "Let_it_be_1 won by resignation"]

1. e4 e6 2. d4 d5 3. Nd2 Nf6 4. e5 Nfd7 5. Ngf3 c5 6. c3 Nc6 7.
Bb5 Qb6 8. Ba4 cxd4 9. c4 dxc4 10. Nxc4 Qb4+ 11. Ncd2 b5 12. Bc2 Ndxe5 13. O-O Bb7 14.
Nxe5 Nxe5 15. Qh5 Bd6 16. Ne4 d3 17. Nxd6+ Qxd6 18. Rd1 Qc6 19. Qg5 dxc2 20. Re1 f6 21.
Qh5+ g6 22. Qh3 O-O-O 23. Bf4 Rd3 24. f3 Rhd8 25. Kf2 Rd1 26. Rc1 Nd3+ 0-1

[Event "Early-Titled-Tuesday-Blitz-April-23-2024"]
[Site "Chess.com"]
[Date "2024.04.23"]
[Round "11"]
[White "Chesstiger64"]
[Black "noblerone"]
[Result "0-1"]
[WhiteElo "2375"]
[BlackElo "2532"]
[TimeControl "180+1"]
[EndTime "10:09:52 PDT"]
[Termination "noblerone won by resignation"]

1. Nf3 d5 2. g3 Nf6 3. Bg2 c6 4. O-O Bf5 5. d3 e6 6. Nbd2 Bc5 7. Qe1 O-O 8. h3 h6 9. e4 Bh7 10. Qe2 Nbd7 11. e5 Ne8 12. Nb3 Bb6 13. Be3 c5 14.
c3 Bxd3 15. Qxd3 c4 16. Qd2 cxb3 17. axb3 Bxe3 18. Qxe3 Qb6 19. Qxb6 Nxb6 20. Nd4 Nc7 21. f4 Rfe8 22. Rae1 a6 23. f5 Nb5 24. fxe6 fxe6 25. h4 Nxd4 26. cxd4 Rac8 27. Bh3 Rc2 28. Rc1 Rxb2 29. Rf3 Na8 30. Rc7 Nxc7 31. Bxe6+ Nxe6 32. Rf8+ Rxf8 0-1

[Event "Early-Titled-Tuesday-Blitz-April-23-2024"]
[Site "Chess.com"]
[Date "2024.04.23"]
[Round "11"]
[White "Boxerandchessplayer"]
[Black "ljuks68"]
[Result "0-1"]
[WhiteElo "2245"]
[BlackElo "2389"]
[TimeControl "180+1"]
[EndTime "10:09:57 PDT"]
[Termination "ljuks68 won by resignation"]

1. Nf3 d5 2. e3 Nf6 3. c4 c6 4.
Nc3 e6 5. b3 Nbd7 6. Bb2 Bd6 7.
Be2 a6 8. O-O e5 9. d3 O-O 10.
Rc1 Re8 11. Qc2 Nf8 12. Rfd1 Qe7 13. c5 Bc7 14. Nd2 Qxc5 15. Nce4 Nxe4 16. Qxc5 Nxc5 17. Rxc5 Bd6 18. Rc2 Be6 19. Bf3 f5 20. e4 fxe4 21. dxe4 d4 22. Nc4 Bc7 23. Be2 Rac8 24. Bd3 Nd7 25.
a3 b5 26. Nd2 c5 27. a4 Rb8 28. axb5 axb5 29. Ba3 Bb6 30. g3 Rec8 31. f4 Ba5 32.
Rdc1 Bxd2 33. Rxd2 Bxb3 34. fxe5 Nxe5 35. Rxc5 Rxc5 36.
Bxc5 Nf3+ 0-1

[Event "Early-Titled-Tuesday-Blitz-April-23-2024"]
[Site "Chess.com"]
[Date "2024.04.23"]
[Round "11"]
[White "SmirnovTimofey2000"]
[Black "campochess"]
[Result "0-1"]
[WhiteElo "1978"]
[BlackElo "2151"]
[TimeControl "180+1"]
[EndTime "10:09:57 PDT"]
[Termination "campochess won by checkmate"]

1. e4 c5 2. c3 Nf6 3. e5 Nd5 4. Bc4 e6 5. Nf3 Nb6 6. Bb3 Nc6 7. O-O d5 8. exd6 Qxd6 9. d3 Be7 10. g3 O-O 11.
Bf4 Qd8 12. Re1 Nd5 13. Bc1 b6 14. Nbd2 Bb7 15. Ne4 h6 16. d4 cxd4 17. Nxd4 Na5 18. Bc2 Nc4 19. b3 Nd6 20. c4 Nxe4 21. Bxe4 Nc3 22. Bh7+ Kxh7 23. Qd3+ Kg8 24. Qxc3 Bf6 25. Bb2 Qd7 26. Rad1 e5 27. Ne2 Qh3 28. f3 e4 29.
Nd4 exf3 30. Rf1 Rad8 31. Rxf3 Bxd4+ 32. Rxd4 Bxf3 33. Rxd8 Qg2# 0-1

[Event "Early-Titled-Tuesday-Blitz-April-23-2024"]
[Site "Chess.com"]
[Date "2024.04.23"]
[Round "11"]
[White "Pasmendjambvirgulptipon98"]
[Black "ScofieldMichael01"]
[Result "0-1"]
[WhiteElo "2357"]
[BlackElo "2574"]
[TimeControl "180+1"]
[EndTime "10:10:01 PDT"]
[Termination "ScofieldMichael01 won on time"]

1. e4 Nf6 2. d3 g6 3. Nd2 Bg7 4.
g3 O-O 5. Bg2 d6 6. Ngf3 c5 7.
O-O Nc6 8. c3 Bd7 9. d4 cxd4 10.
cxd4 Qb6 11. e5 dxe5 12. dxe5 Ng4 13. Nc4 Qc7 14. Bf4 Be6 15. Rc1 Rfd8 16. Qe2 Nh6 17. a3 Nf5 18. b4 Ncd4 19. Nxd4 Nxd4 20. Qd3 Bf5 21. Qe3 Nc2 22. Qc3 Rac8 23. Rxc2 Bxc2 24. Qxc2 Qxc4 25. Qb1 b6 26. h4 Qc2 27. Qa1 Qc3 28. Qa2 Qc4 29. Qa1 Qb3 30. Rb1 Qc3 31. Qa2 Bxe5 32.
Rc1 Qd4 0-1

[Event "Early-Titled-Tuesday-Blitz-April-23-2024"]
[Site "Chess.com"]
[Date "2024.04.23"]
[Round "11"]
[White "sterpfi"]
[Black "MaxLeto"]
[Result "0-1"]
[WhiteElo "2262"]
[BlackElo "2429"]
[TimeControl "180+1"]
[EndTime "10:10:02 PDT"]
[Termination "MaxLeto won by checkmate"]

1. e4 c5 2. Nc3 Nc6 3. Bb5 Nd4 4. Nf3 Nxb5 5. Nxb5 d6 6. d4 Qa5+ 7. Nc3 Bg4 8. d5 Nf6 9. O-O g6 10. h3 Bxf3 11. Qxf3 Bg7 12. Bf4 Nd7 13. Bd2 O-O 14.
Qe2 a6 15. a4 Rab8 16. f4 Rfe8 17. f5 Qb4 18. Nb5 Qxb2 19. Rab1 Qxc2 20. Rfc1 Qxa4 21. Nc3 Qd4+ 22. Be3 Qe5 23. Qf3 b5 24. Bf4 Qd4+ 25.
Be3 Qf6 26. Bf2 Ne5 27. Qe2 gxf5 28. exf5 Qxf5 29. g4 Qd3 30. Qe1 Qxh3 31. Ne4 Nf3# 0-1

[Event "Early-Titled-Tuesday-Blitz-April-23-2024"]
[Site "Chess.com"]
[Date "2024.04.23"]
[Round "11"]
[White "Aradhya2000"]
[Black "JeFumeDesClopes"]
[Result "1-0"]
[WhiteElo "2854"]
[BlackElo "2631"]
[TimeControl "180+1"]
[EndTime "10:10:04 PDT"]
[Termination "Aradhya2000 won by resignation"]

1. d4 Nf6 2. c4 a6 3. Nc3 c5 4. dxc5 e6 5. Be3 Qa5 6. a3 Ne4 7. b4 Nxc3 8. Qb3 Qa4 9. Qxc3 Nc6 10. Nf3 b6 11. cxb6 f6 12. g3 Be7 13. Bg2 O-O 14.
O-O Bb7 15. Rfd1 Rfd8 16. Rd2 Rac8 17. Nd4 a5 18. b5 Nxd4 19. Bxb7 Nxb5 20. Qb2 Rb8 21.
Ba6 Nd6 22. c5 Ne4 23. Bb5 Nxd2 24. Bxa4 Nc4 25. Qb5 Nxe3 26. fxe3 Rdc8 1-0

[Event "Early-Titled-Tuesday-Blitz-April-23-2024"]
[Site "Chess.com"]
[Date "2024.04.23"]
[Round "11"]
[White "Heinza9"]
[Black "rdarruda"]
[Result "0-1"]
[WhiteElo "2338"]
[BlackElo "2530"]
[TimeControl "180+1"]
[EndTime "10:10:04 PDT"]
[Termination "rdarruda won by checkmate"]

1. e4 c5 2. Nf3 Nc6 3. Bb5 g6 4. c3 Bg7 5. O-O Nf6 6. e5 Nd5 7. d4 cxd4 8. cxd4 O-O 9. Nc3 Nxc3 10. bxc3 d6 11. exd6 exd6 12. h3 Qa5 13. a4 Qxc3 14. Bd2 Qb2 15. Qe2 Nxd4 16. Nxd4 Qxd4 17. Rac1 Be6 18. Be3 Qe4 19. f3 Qe5 20. f4 Qe4 21. Qf2 a6 22. Be2 Qxa4 23. Bf3 d5 24. Bc5 Rfc8 25. f5 Rxc5 26. fxe6 Bd4 27. exf7+ Kf8 28. Rxc5 Bxf2+ 29. Rxf2 Rd8 30. Bg4 Qd4 31. Rc8 Rxc8 32. Bxc8 a5 33. Be6 a4 34. Kf1 Qd1# 0-1

[Event "Early-Titled-Tuesday-Blitz-April-23-2024"]
[Site "Chess.com"]
[Date "2024.04.23"]
[Round "11"]
[White "SpeedofLight0"]
[Black "praveenb2002"]
[Result "1-0"]
[WhiteElo "3078"]
[BlackElo "2890"]
[TimeControl "180+1"]
[EndTime "10:10:08 PDT"]
[Termination "SpeedofLight0 won by checkmate"]

1. d4 Nf6 2. Nc3 d5 3. Bf4 c6 4.
e3 Bf5 5. Bd3 e6 6. Nf3 Nbd7 7.
Ne5 Nxe5 8. dxe5 Nd7 9. h4 Bb4 10. g4 Be4 11. Bxe4 Bxc3+ 12. bxc3 dxe4 13. Qd4 Qa5 14. O-O O-O-O 15. Qxe4 Nb6 16. Rab1 Qxc3 17. Rb3 Qc4 18.
Qf3 Qxc2 19. e4 Rd7 20. Rc1 Qxa2 21. Ra3 Qb2 22. Rxa7 Kc7 23. Be3 Kb8 24. Raa1 Nc8 25. Rab1 Qa2 26. Rb4 Rhd8 27. Rxc6 Rd1+ 28. Kh2 Qa3 29.
Rcc4 R8d7 30. Ra4 Qb2 31. Ra8+ Kxa8 32. Rxc8# 1-0

[Event "Early-Titled-Tuesday-Blitz-April-23-2024"]
[Site "Chess.com"]
[Date "2024.04.23"]
[Round "11"]
[White "N_I_Chess"]
[Black "samidescalona2002"]
[Result "0-1"]
[WhiteElo "2374"]
[BlackElo "2695"]
[TimeControl "180+1"]
[EndTime "10:10:10 PDT"]
[Termination "samidescalona2002 won on time"]

1. d4 Nf6 2. c4 g6 3. Nc3 Bg7 4. e4 d6 5. f4 O-O 6. Nf3 c5 7. d5 b5 8. cxb5 a6 9. bxa6 Qa5 10. Bd2 Nxa6 11. Bb5 Nc7 12. Bc4 Ba6 13. Bxa6 Qxa6 14.
Qe2 Rfb8 15. Qxa6 Nxa6 16. Rb1 Nb4 17. O-O Nxa2 18. Rfe1 Nb4 19. Re3 Nd7 20. e5 Nb6 21. exd6 exd6 22. Nb5 N6xd5 23. Nxd6 Nxe3 24. Bxe3 Nd5 25.
Bxc5 Rxb2 26. Rxb2 Bxb2 27. f5 Ra5 28. Bf2 Ra1+ 29. Ne1 Bc3 30. Kf1 Bxe1 31. Bxe1 Ne3+ 32. Ke2 Nxg2 0-1

[Event "Early-Titled-Tuesday-Blitz-April-23-2024"]
[Site "Chess.com"]
[Date "2024.04.23"]
[Round "11"]
[White "jakopogi"]
[Black "PeshkaCh"]
[Result "0-1"]
[WhiteElo "2791"]
[BlackElo "2879"]
[TimeControl "180+1"]
[EndTime "10:10:12 PDT"]
[Termination "PeshkaCh won by resignation"]

1. e4 e5 2. Nf3 Nc6 3. Bb5 a6 4. Ba4 Nge7 5. O-O Ng6 6. d4 exd4 7.
Nxd4 Be7 8. Be3 Nxd4 9. Bxd4 O-O 10.
Nd2 c5 11. Be3 b5 12. Bb3 c4 13. Nxc4 bxc4 14. Bxc4 Bb7 15. Bd5 Qc7 16. c3 Rab8 17.
Rb1 Bc5 18. Bd4 Bxd5 19. exd5 Bxd4 20. Qxd4 d6 21. c4 Ne5 22. Rfc1 a5 23. c5 dxc5 24. Rxc5 Qd6 25. Rxa5 Nf3+ 26. gxf3 Qg6+ 27. Qg4 Qxb1+ 28.
Kg2 Rxb2 29. Qd4 Qg6+ 30. Kh3 Qb6 31. Qxb6 Rxb6 32. Kg3 Rd8 33. Kf4 f6 34. Ke4 Rb2 35.
Ke3 Rb4 36. a3 Rc4 37. Kd3 Rh4 38. a4 h5 39. Ke3 Rxh2 40. Rb5 Rh4 41. a5 Ra4 42. Kd3 h4 43. Kc3 h3 44. Kb3 h2 45.
Kxa4 h1=Q 46. a6 Qa1+ 0-1

[Event "Early-Titled-Tuesday-Blitz-April-23-2024"]
[Site "Chess.com"]
[Date "2024.04.23"]
[Round "11"]
[White "dvglko"]
[Black "H3nriqueTV"]
[Result "1/2-1/2"]
[WhiteElo "2433"]
[BlackElo "2323"]
[TimeControl "180+1"]
[EndTime "10:10:13 PDT"]
[Termination "Game drawn by repetition"]

1. e4 c5 2. Nf3 d6 3. Bb5+ Bd7 4.
Bxd7+ Qxd7 5. O-O g6 6. d4 cxd4 7. Nxd4 Bg7 8. Be3 Nf6 9. f3 O-O 10. c4 Nc6 11. Nc3 Rac8 12. b3 a6 13. Rc1 e6 14.
Qd2 d5 15. Nxc6 bxc6 16. cxd5 cxd5 17. exd5 Nxd5 18. Nxd5 exd5 19. Rxc8 Rxc8 20. Rd1 Qe6 21. Bd4 Bxd4+ 22. Qxd4 Rc2 23. Qxd5 Qe2 24. Qd8+ Kg7 25. Qd4+ Kg8 26. Qd8+ Kg7 27. Qd4+ Kg8 28. Qd8+ 1/2-1/2

[Event "Early-Titled-Tuesday-Blitz-April-23-2024"]
[Site "Chess.com"]
[Date "2024.04.23"]
[Round "11"]
[White "SoCalJuniorChess"]
[Black "knightinshiningarmour16"]
[Result "0-1"]
[WhiteElo "2128"]
[BlackElo "2360"]
[TimeControl "180+1"]
[EndTime "10:10:15 PDT"]
[Termination "knightinshiningarmour16 won by resignation"]

1. d4 d5 2. Nc3 Nf6 3. Bf4 c6 4. e3 Bg4 5. f3 Bh5 6. g4 Bg6 7.
h4 h6 8. h5 Bh7 9. Bd3 e6 10.
Bxh7 Nxh7 11. e4 Bb4 12. Ne2 Nd7 13. a3 Ba5 14. Kf2 Nhf6 15. e5 Nh7 16. Qd2 a6 17. b4 Bc7 18. Na4 a5 19. Nc5 Nxc5 20. bxc5 b6 21.
cxb6 Bxb6 22. c3 Nf8 23. Rab1 Nd7 24. Rb2 c5 25. Rhb1 cxd4 26. cxd4 O-O 27. Bxh6 Qh4+ 28. Kg2 gxh6 29. Qxh6 Rfc8 30. Rh1 Qe7 31. g5 Qf8 32. Qxf8+ Kxf8 33. h6 Kg8 34. Nf4 Kh7 35. Nh5 Rab8 36. Rb5 Bxd4 37. Rxa5 Rb7 38. Rd1 Bxe5 39. f4 Bc3 40.
Ra6 Kg6 41. Ng3 Nc5 42. Rd6 Kh7 43. f5 Rd7 44. Ne4 dxe4 45. Rxd7 Nxd7 46. Rxd7 exf5 47. Rxf7+ Kg6 48. Rb7 Kxg5 49. h7 e3 50. Kf3 Re8 51. Ke2 f4 52. Rc7 Bb2 53. Rc2 Bh8 54. a4 Kg4 55. Rc4 Kg3 0-1

[Event "Early-Titled-Tuesday-Blitz-April-23-2024"]
[Site "Chess.com"]
[Date "2024.04.23"]
[Round "11"]
[White "jaskol95"]
[Black "scarabee43"]
[Result "1-0"]
[WhiteElo "2604"]
[BlackElo "2824"]
[TimeControl "180+1"]
[EndTime "10:10:17 PDT"]
[Termination "jaskol95 won by resignation"]

1. e4 c5 2. Nf3 e6 3. d4 cxd4 4. Nxd4 Nc6 5. Nc3 Qc7 6. Ncb5 Qb8 7. Be3 Nf6 8. Bd3 Ne5 9. f4 Neg4 10. Qf3 Nxe3 11.
Qxe3 a6 12. Nc3 d6 13. Nce2 Be7 14. O-O O-O 15. c3 Qc7 16. Kh1 b5 17. a4 bxa4 18.
Rxa4 Bb7 19. Ng3 Rfb8 20. e5 dxe5 21. fxe5 Ng4 22. Qf4 Nxe5 23. Nf3 Bxf3 24. gxf3 Qd7 25. Bxh7+ Kxh7 26. Qxe5 Qxa4 27. Nh5 f6 28. Qg3 g5 29. Qc7 Qc2 30. Qxe7+ Kg6 31. Nf4+ Kf5 32. Qh7+ Kxf4 33. Qxc2 f5 34. Qd2+ 1-0

[Event "Early-Titled-Tuesday-Blitz-April-23-2024"]
[Site "Chess.com"]
[Date "2024.04.23"]
[Round "11"]
[White "Airquake"]
[Black "sokidze"]
[Result "0-1"]
[WhiteElo "2660"]
[BlackElo "2803"]
[TimeControl "180+1"]
[EndTime "10:10:20 PDT"]
[Termination "sokidze won on time"]

1. b3 d5 2. Bb2 c5 3. Nf3 f6 4.
g3 e5 5. d3 Ne7 6. Bg2 Nec6 7.
O-O Be6 8. c4 d4 9. e3 Nd7 10.
exd4 cxd4 11. Re1 Nc5 12. b4 Nxb4 13. Nxd4 exd4 14. Bh3 Kf7 15. Bxe6+ Nxe6 16. Na3 Qd7 17. Qb3 Na6 18. c5 Nxc5 19. Qc4 a6 20. Rab1 b5 21. Qc2 Bd6 22. Qe2 Rae8 23. Nc2 Ng5 24. Qh5+ g6 25. Qh6 Nf3+ 26. Kg2 Nxe1+ 27. Nxe1 Bf8 28.
Qf4 Qd5+ 29. Nf3 Nxd3 30. Qc7+ Re7 31. Qc8 Ne1+ 32. Rxe1 Rxe1 0-1

[Event "Early-Titled-Tuesday-Blitz-April-23-2024"]
[Site "Chess.com"]
[Date "2024.04.23"]
[Round "11"]
[White "emeli_chess"]
[Black "Thebigsqueeze"]
[Result "0-1"]
[WhiteElo "2453"]
[BlackElo "2332"]
[TimeControl "180+1"]
[EndTime "10:10:20 PDT"]
[Termination "Thebigsqueeze won by resignation"]

1. d4 Nf6 2. c4 c5 3. d5 b5 4. cxb5 a6 5. b6 Qxb6 6. Nc3 d6 7. a4 g6 8. a5 Qb7 9. e4 Bd7 10. Nf3 Bb5 11. Be2 Bg7 12. O-O O-O 13. Re1 Nbd7 14. Bg5 Rfb8 15. Ra3 Kf8 16. Qc1 Ng4 17. Bd1 Nge5 18. Nxb5 Qxb5 19. b3 Nd3 20. Be2 Nxc1 21. Bxb5 Rxb5 22. Rxc1 Bb2 23. Rca1 Bxa1 24.
Rxa1 Rxb3 25. Nd2 Rb4 26. f3 Rab8 27. Rc1 Ne5 28. h4 R8b5 29. h5 gxh5 30. f4 Ng4 31.
f5 f6 32. Bf4 Rxa5 33. Nf3 Ra2 34. Bd2 Rbb2 35. Rd1 a5 36. Kf1 a4 37. Ke2 a3 38.
Rc1 Ne5 0-1